 Dungeon Crawl Stone Soup version 0.32-a0-418-g34023cf50c (webtiles) character file.

Game seed: 9540504275020542966

2072 Gargoyl the Chopper (level 9, 0/84 HPs)
             Began as a Gargoyle Berserker on Feb 21, 2024.
             Was a Priest of Trog.
             Slain by a killer bee (6 damage)
             ... on level 8 of the Dungeon.
             The game lasted 00:08:10 (6265 turns).

Gargoyl the Chopper (Gargoyle Berserker)            Turns: 6265, Time: 00:08:11

Health: 0/84       AC: 21    Str: 22    XL:     9   Next: 26%
Magic:  9/9        EV: 11    Int: 10    God:    Trog [***...]
Gold:   169        SH:  0    Dex: 13    Spells: 8/8 levels left

rFire   + . .        o - +1 war axe (heavy)
rCold   . . .        (no shield)
rNeg    + . .        t - +0 scale mail
rPois   ∞            k - +1 hat {Int+3}
rElec   +            v - +1 cloak
rCorr   +            (no gloves)
SInv    .            (no boots)
Will    .....        (no amulet) Stlth
                     b - ring "Yssirchud" {rF+ rCorr AC+4 Str+2 Int-2}
HPRegen 0.34/turn    (no ring)
MPRegen 0.11/turn

%: no passive effects
@: berserking, very quick
A: sickness immunity, AC +6, negative energy resistance 1, electricity
resistance, torment resistance 1, petrification resistance
a: Renounce Religion, Berserk, Trog's Hand


You were on level 8 of the Dungeon.
You worshipped Trog.
Trog was most pleased with you.
You visited 1 branch of the dungeon, and saw 8 of its levels.

You collected 317 gold pieces.
You spent 148 gold pieces at shops.

Inventory:

Hand Weapons
 a - a +0 hand axe
 o - a +1 heavy war axe (weapon)
Missiles
 r - 7 poisoned darts (quivered)
Armour
 k - a +1 hat of intelligence (worn)
 t - a +0 scale mail (worn)
 v - a +1 cloak (worn)
Jewellery
 b - the ring "Yssirchud" (left hand) {rF+ rCorr AC+4 Str+2 Int-2}
   (You acquired it on level 7 of the Dungeon)

   [ring of protection]

   AC+4:      It affects your AC (+4).
   Str+2:     It affects your strength (+2).
   Int-2:     It affects your intelligence (-2).
   rF+:       It protects you from fire.
   rCorr:     It protects you from acid and corrosion.
Wands
 c - a wand of iceblast (17)
 i - a wand of flame (26)
 s - a wand of acid (3)
 u - a wand of polymorph (10)
Scrolls
 d - a scroll of identify
 g - a scroll of silence
 q - 3 scrolls of teleportation
 y - a scroll of immolation
Potions
 e - a potion of might
 f - a potion of cancellation
 h - 2 potions of lignification {unknown}
 j - a potion of heal wounds {unknown}
 l - 2 potions of attraction {unknown}
 m - 4 potions of curing {unknown}
 n - a potion of mutation {unknown}
 p - 2 potions of ambrosia {unknown}


   Skills:
 + Level 6.7 Fighting
 + Level 7.6 Axes
 + Level 5.6 Armour
 + Level 4.2 Dodging
 + Level 2.5 Stealth


You had 8 spell levels left.
You didn't know any spells.
Your spell library was empty.

Dungeon Overview and Level Annotations

Branches:
Dungeon (8/15)             Temple (0/1) D:7
   Lair: D:8-11

Altars:
Cheibriados
Fedhas

Shops:
D:1 (   D:4 (   D:5 :   D:6 [:


Innate Abilities, Weirdness & Mutations

You are immune to sickness and miasma.
Your stone body is resilient. (AC +6)
You are immune to poison.
You resist negative energy. (rN+)
You are resistant to electric shocks. (rElec)
You are resistant to unholy torment.
You are immune to petrification.


Message History

The killer bee stings you but does no damage. x2
The killer bee closely misses you. The killer bee stings you.
The killer bee barely misses you. x2; The killer bee misses you.
The killer bee stings you but does no damage. x2
You miss the killer bee. You closely miss the killer bee.
You miss the killer bee. x2; You completely miss the killer bee.
The killer bee barely misses you. The killer bee closely misses you.
The killer bee stings you but does no damage.
The killer bee stings you. The killer bee barely misses you.
The killer bee closely misses you. The killer bee barely misses you.
The killer bee stings you.
* * * LOW HITPOINT WARNING * * *
The killer bee stings you but does no damage. x2
The killer bee barely misses you. The killer bee misses you.
The killer bee stings you.
* * * LOW HITPOINT WARNING * * *
The killer bee stings you but does no damage.
The killer bee closely misses you.
You miss the killer bee. You barely miss the killer bee. x2
You closely miss the killer bee. You barely miss the killer bee.
The killer bee stings you but does no damage.
The killer bee barely misses you. The killer bee closely misses you. x2
The killer bee stings you but does no damage.
The killer bee stings you.
* * * LOW HITPOINT WARNING * * *
The killer bee stings you but does no damage.
The killer bee misses you. The killer bee barely misses you.
The killer bee closely misses you.
The killer bee stings you but does no damage. x4
The killer bee barely misses you. The killer bee closely misses you.
The killer bee stings you but does no damage. x4
Okay, then.
A red film seems to cover your vision as you go berserk!
You feel yourself moving faster!
You feel mighty!
The killer bee stings you but does no damage.
The killer bee stings you.
* * * LOW HITPOINT WARNING * * *
The killer bee stings you but does no damage. x4
The killer bee stings you.
You die...

.#........#
.......... .....
.......... .......
#......... .......
#......... #......
.......#
#......####yy.#
#.........y@y.#
#..#........y.##.
##...............#
.........#...#.....
.......<########..#
#.##....# ##
#...... #.......
....#.#.##


You could see 5 killer bees.

Vanquished Creatures
  A wyvern (D:7)
  A water moccasin (D:7)
  An orc warrior (D:6)
  2 ice beasts
  A sky beast (D:6)
  A black bear (D:5)
  3 centaurs
  2 bullfrogs
  A gnoll sergeant (D:7)
  2 scorpions (D:4)
  3 wights (D:7)
  4 hounds
  An orc priest (D:6)
  A jelly (D:7)
  4 iguanas
  A sleepcap (D:6)
  2 orc wizards
  7 adders
  5 gnolls
  A shadow imp (D:7)
  2 white imps
  2 dart slugs
  A ribbon worm (D:3)
  19 orcs
  6 bats
  6 endoplasms
  6 goblins
  A hobgoblin (D:3)
  4 jackals (D:1)
  3 quokkas
  8 ball pythons
  4 frilled lizards
  8 kobolds
  5 rats
119 creatures vanquished.

Notes
Turn   | Place    | Note
-------+----------+-------------------------------------------
     0 | D:1      | Gargoyl the Gargoyle Berserker began the quest for the Orb.
     0 | D:1      | Reached XP level 1. HP: 14/14 MP: 1/1
   103 | D:1      | Found Xiwaptimm's Weapon Emporium.
   111 | D:1      | Reached XP level 2. HP: 14/19 MP: 2/2
   130 | D:1      | Reached skill level 3 in Axes
   399 | D:1      | Reached XP level 3. HP: 22/24 MP: 3/3
  1451 | D:3      | Reached XP level 4. HP: 29/29 MP: 4/4
  1575 | D:3      | Found a blossoming altar of Fedhas.
  1702 | D:3      | Reached ** piety under Trog
  1978 | D:4      | Reached XP level 5. HP: 30/34 MP: 5/5
  2031 | D:4      | Found a snail-covered altar of Cheibriados.
  2052 | D:4      | Reached skill level 4 in Axes
  2218 | D:4      | Found Odea's Antique Weapon Boutique.
  2226 | D:4      | Reached XP level 6. HP: 36/39 MP: 6/6
  2410 | D:4      | Reached skill level 5 in Fighting
  2410 | D:4      | Reached skill level 5 in Axes
  2410 | D:4      | Reached skill level 1 in Stealth
  2977 | D:5      | Entered Level 5 of the Dungeon
  2978 | D:5      | Noticed an ice beast
  2982 | D:5      | Reached XP level 7. HP: 38/44 MP: 7/7
  3290 | D:5      | Found Ziddul's Self-Improvement Boutique.
  3662 | D:6      | Reached skill level 6 in Axes
  3800 | D:6      | Reached XP level 8. HP: 48/50 MP: 8/8
  3851 | D:6      | Reached *** piety under Trog
  3942 | D:6      | Found Raanelur's Book Shoppe.
  4024 | D:6      | HP: 2/75 [orc warrior/+0 glaive (12)]
  4357 | D:6      | Found Giub's Antique Armour Shop.
  4367 | D:6      | Bought a cloak for 148 gold pieces
  5233 | D:7      | Reached skill level 7 in Axes
  5262 | D:7      | Found a staircase to the Ecumenical Temple.
  5294 | D:7      | Noticed a wyvern
  5299 | D:7      | Killed a wyvern
  5300 | D:7      | Reached skill level 5 in Armour
  5300 | D:7      | Reached XP level 9. HP: 56/56 MP: 9/9
  5585 | D:7      | Identified a scroll of acquirement
  5585 | D:7      | Acquired the ring "Yssirchud" {rF+ rCorr AC+4 Str+2 Int-2}
  6265 | D:8      | Slain by a killer bee

Illustrated notes

Levels and vault maps discovered:
D:1:      matt_arrival_refuge, layout_loops_ring, serial_shops, shop,
          serial_bayou_ford_a
D:2:      layout_rooms, grunt_decor_junction, kennysheep_big_empty_room,
          minivault_19, columned_hall_lemuel
D:3:      layout_rooms, lemuel_tele_altar
D:4:      layout_loops_ring, cheibriados_altar_1, portal_sewer_entry_e,
          serial_shops, nicolae_shop_overgrown_old_shop
D:5:      layout_rooms, nicolae_shop_self_help
D:6:      layout_basic, serial_shops, shop, shop, serial_park_tiny_1
D:7:      layout_layer_cave, minmay_temple_entry_statues_pillars
D:8:      gammafunk_cloud_chamber, layout_cave_pools, hangedman_decor_riveting

Skill      XL: |  1  2  3  4  5  6  7  8 |
---------------+-------------------------+-----
Axes           | 3 4 5 6 7 |  7.6
Fighting       | 4 5 6 |  6.7
Dodging        | 2 3 4 |  4.2
Stealth        | 1 2 |  2.5
Armour         | 3 5 |  5.6

Action                     |  1- 3 |  4- 6 |  7- 9 || total
---------------------------+-------+-------+-------++-------
  Melee: Hand axe          |   105 |    72 |       ||   177
         War axe           |       |    96 |   148 ||   244
 Invoke: Berserk           |     1 |       |     5 ||     6
         Trog's Hand       |       |       |     1 ||     1
    Use: Scroll            |     5 |     4 |     8 ||    17
         Potion            |       |       |     1 ||     1
   Stab: Sleeping          |       |     1 |       ||     1
 Armour: Animal skin       |    96 |   111 |     9 ||   216
         Scale mail        |       |       |   229 ||   229
  Dodge: Dodged            |    99 |   119 |   177 ||   395

Table legend: (Time is in decaauts)
 A = Elapsed time spent in this place.
 B = Non-inter-level travel time spent in this place.
 C = Inter-level travel time spent in this place.
 D = Time resting spent in this place.
 E = Time spent auto-exploring this place.
 F = Levels seen in this place.
 G = Mean time per level.
                   A        B        C        D        E       F      G
               +--------+--------+--------+--------+--------+-----+--------+
         Total |   6460 |   6250 |    210 |    640 |   4210 |   8 |  807.5 |
       Dungeon |   6460 |   6250 |    210 |    640 |   4210 |   8 |  807.5 |
               +--------+--------+--------+--------+--------+-----+--------+

Top non-repeatable levels by time:
     D:6: 1451 daAuts
     D:7: 1236 daAuts
     D:4: 1203 daAuts
     D:1: 852 daAuts
     D:2: 615 daAuts
     D:5: 611 daAuts
     D:3: 474 daAuts
     D:8: 14 daAuts
